 Dungeon Crawl Stone Soup version 0.27-a0-1147-gb3d8e82157 (webtiles) character file.

Game seed: 1116482069731355048

15921 leviel the Cleaver (level 12, -1/162 HPs)
             Began as a Minotaur Fighter on May 11, 2021.
             Was the Champion of Okawaru.
             Killed by divine providence
             ... invoked by a meliai
              (15 damage)
             ... on level 13 of the Dungeon.
             The game lasted 00:27:11 (11743 turns).

leviel the Cleaver (Minotaur Fighter)              Turns: 11743, Time: 00:27:11

Health: -1/162     AC: 26    Str: 31    XL:     12   Next: 5%
Magic:  4/4        EV:  2    Int:  5    God:    Okawaru [******]
Gold:   2062       SH: 13    Dex: 11    Spells: 11/11 levels left

rFire    . . .     SeeInvis +   n - +1 broad axe of Exquisite Death {antimagic, Will+ SInv}
rCold    + . .     Faith    .   c - +0 kite shield
rNeg     + + +     Spirit   .   (armour currently unavailable)
rPois    +         Reflect  .   (helmet currently unavailable)
rElec    .         Harm     .   (cloak currently unavailable)
rCorr    .         Rampage  .   (gloves currently unavailable)
Will     +....     NoTele   +   (boots currently unavailable)
Stlth    +.........             o - amulet of regeneration
HPRegen  1.37/turn              p - ring of protection from cold
MPRegen  0.09/turn              C - +6 ring of strength

@: tree-form, hasted, very quick
A: stationary, stasis, torment immunity, boosted hp, (horns 2), (retaliatory
headbutt)
a: Renounce Religion, Heroism, Finesse


You were on level 13 of the Dungeon.
You worshipped Okawaru.
Okawaru was exalted by your worship.
You were a tree.
You visited 2 branches of the dungeon, and saw 14 of its levels.
You also visited: Sewer and Bailey.

You collected 2184 gold pieces.
You spent 122 gold pieces at shops.

Inventory:

Hand Weapons
 a - a +1 war axe
 n - the +1 broad axe of Exquisite Death (weapon) {antimagic, Will+ SInv}
   (Okawaru gifted it to you on level 12 of the Dungeon)

   It reduces the magical energy of the wielder, and disrupts the spells and
   magical abilities of those hit.
   Natural abilities and divine invocations are not affected.
   It lets you see invisible.
   It increases your willpower.
 t - a +1 vorpal war axe
 D - a +0 club
Missiles
 e - a throwing net (quivered)
 g - 2 javelins
 j - 2 curare-tipped darts
 v - 9 boomerangs of dispersal
Armour
 c - a +0 kite shield (worn)
 h - a +1 hat (melded)
 l - a +0 cloak (melded)
 z - a +0 plate armour (melded)
 L - a +1 pair of boots (melded)
Jewellery
 o - an amulet of regeneration (around neck)
 p - a ring of protection from cold (left branch)
 C - a +6 ring of strength (right branch)
Wands
 k - a wand of charming (13)
 q - a wand of paralysis (15)
 B - a wand of iceblast (8)
 H - a wand of flame (21)
Scrolls
 b - a scroll of fog
 d - 2 scrolls of summoning
 f - 2 scrolls of magic mapping
 i - 11 scrolls of identify {@r1}
 w - a scroll of fear
 x - 2 scrolls of teleportation
 G - 2 scrolls of amnesia
Potions
 m - 3 potions of flight
 r - a potion of haste
 s - a potion of curing
 u - 2 potions of brilliance
 A - a potion of mutation {unknown}
 J - a potion of might
Miscellaneous
 y - a tin of tremorstones (2/2)
 F - a phial of floods


   Skills:
 + Level 10.6 Fighting
 * Level 14.3 Axes
 + Level 2.5 Throwing
 + Level 10.4 Armour
 - Level 2.2 Dodging
 - Level 0.2 Stealth
 + Level 10.9 Shields
 + Level 3.3 Invocations


You had 11 spell levels left.
You didn't know any spells.
Your spell library contained the following spells:

 Spells                   Type           Power      Damage    Failure   Level
 Beastly Appendage        Tmut           0%         N/A       65%         1
 Corona                   Hex            0%         N/A       65%         1
 Foxfire                  Conj/Fire      0%         2x1d4     65%         1
 Magic Dart               Conj           0%         1d3       65%         1
 Corpse Rot               Necr/Air       N/A        N/A       80%         2
 Ensorcelled Hibernation  Hex/Ice        0%         N/A       80%         2
 Searing Ray              Conj           0%         3d3       80%         2
 Wereblood                Tmut           0%         N/A       80%         2
 Confusing Touch          Hex            0%         N/A       95%         3
 Conjure Flame            Conj/Fire      0%         6-21      95%         3
 Dazzling Flash           Conj/Hex       0%         N/A       95%         3
 Inner Flame              Hex/Fire       0%         N/A       95%         3
 Spider Form              Tmut/Pois      0%         N/A       95%         3
 Stone Arrow              Conj/Erth      0%         3d7       95%         3
 Tukima's Dance           Hex            0%         N/A       95%         3
 Fulminant Prism          Conj/Hex       0%         3d6       100%        4
 Ice Form                 Ice/Tmut       0%         N/A       100%        4
 Iskenderun's Mystic Bla  Conj/Tloc      0%         2d3       100%        4
 Sticky Flame             Conj/Fire      0%         2d3       100%        4
 Fireball                 Conj/Fire      0%         3d3       100%        5
 Hydra Form               Tmut           0%         N/A       100%        5
 Summon Forest            Summ/Tloc      0%         N/A       100%        5
 Eringya's Noxious Bog    Tmut/Pois      0%         N/A       100%        6
 Summon Hydra             Summ           0%         N/A       100%        7


Dungeon Overview and Level Annotations

Branches:
Dungeon (13/15)            Temple (1/1) D:5            Lair (0/6) D:11
    Orc (0/2) D:9           Sewer (visited)          Bailey (visited)
 Vaults: D:13-14

Altars:
Ashenzari
Cheibriados
Dithmenos
Elyvilon
Fedhas
Gozag
Hepliaklqana
Kikubaaqudgha
Makhleb
Nemelex Xobeh
Okawaru
Qazlal
Ru
Sif Muna
Trog
Uskayaw
Vehumet
Wu Jian
Xom
Yredelemnul
Zin
The Shining One
Lugonu

Shops:
D:2 [   D:3 =   D:4 [?:!?

Annotations:
D:8 1 runed translucent door, ClownBaby's ghost, novice MfGl
D:9 2 transporters


Innate Abilities, Weirdness & Mutations

You are a tree.
Your roots penetrate the ground, keeping you stationary.
You cannot be teleported.
You are immune to unholy pain and torment.
Your maximum health is greatly increased.
Your equipment is partially melded.
((You have a pair of horns on your head.))
((You reflexively headbutt those who attack you in melee.))


Message History

The meliai calls down the wrath of its god upon you.
Something smites you!
* * * LOW HITPOINT WARNING * * *
The meliai hits you with a +0 hand axe.
* * * LOW HITPOINT WARNING * * *
You block the meliai's attack.
You barely miss the meliai.
The meliai is moderately wounded.
The meliai hits you but does no damage. You block the meliai's attack.
The meliai hits you but does no damage.
The meliai stings you but does no damage.
You slice the meliai!!
You kill the meliai!
Okawaru accepts your kill.
The meliai calls down the wrath of its god upon you.
Something smites you!
* * * LOW HITPOINT WARNING * * *
You feel better.
You feel better. You block the meliai's attack. The meliai stings you.
* * * LOW HITPOINT WARNING * * *
The meliai hits you with a +0 war axe.
* * * LOW HITPOINT WARNING * * *
You block the meliai's attack.
You slash the meliai!
The meliai is heavily wounded.
The meliai hits you but does no damage. The meliai stings you.
* * * LOW HITPOINT WARNING * * *
You slash the meliai!
The meliai is almost dead.
You block the meliai's attack. x2
You closely miss the meliai.
The meliai is almost dead.
The meliai hits you with a +0 war axe!
* * * LOW HITPOINT WARNING * * *
You block the meliai's attack.
You miss the meliai.
The meliai is almost dead.
The meliai mumbles some strange prayers to its god against you.
Something smites you!
You die...

#.# #.# #.# #.# #.# #.#
##### #.# #.###..... #.#
#.....# #.# ####.....#
#.# .........# #.#
#####....# #♣# +....####
#y####### #####...##..
#B#.)...#
.........#.#####.#.....#
...##....#.....[.#.....#
.......................#
.......................+
...#####.#########.....#
... #.# ##'####


You could see a boulder beetle and a meliai.

Vanquished Creatures
  A hydra (D:12)
  2 two-headed ogres
  A tengu warrior (D:12)
  Pikel (D:8)
  An ugly thing (D:12)
  An oklob plant (D:11)
  A manticore (D:12)
  An unseen horror (D:11)
  2 trolls
  2 meliai (D:13)
  Grinder (Sewer)
  A hornet (D:9)
  A meliai zombie (D:10)
  6 slime creatures (D:12)
  4 shadows
  2 vampires
  10 yaks
  3 wraiths
  A steam dragon (D:7)
  2 vampire mosquitoes (D:12)
  2 acid dragons
  2 water moccasins
  An ice beast (D:8)
  17 orc warriors
  A black bear (D:5)
  An ogre (D:6)
  2 sky beasts (D:7)
  A necrophage (D:6)
  A lemure (D:8)
  2 phantoms
  3 centaurs
  4 kobold brigands
  5 bullfrogs
  A gnoll sergeant (D:8)
  A scorpion (D:5)
  A wyvern zombie (D:6)
  A wyvern skeleton (D:9)
  3 howler monkeys
  8 wights
  A centaur zombie (D:8)
  A jelly (D:7)
  A quasit (Sewer)
  A gnoll shaman (D:7)
  2 bullfrog zombies
  9 orc priests
  2 hounds
  4 iguanas
  2 centaur skeletons (D:9)
  8 orc wizards
  A killer bee zombie (D:7)
  8 ogre zombies (D:9)
  A centaur simulacrum (D:9)
  A hound zombie (D:5)
  A hound skeleton (D:4)
  A howler monkey zombie (D:9)
  23 gnolls
  A howler monkey skeleton (D:7)
  7 adders
  A river rat (D:5)
  3 shadow imps
  3 white imps
  4 ufetubi
  An adder skeleton (D:4)
  2 worms
  The ghost of Sobieck the Sneak, a weakling TrDe (D:6)
  A dart slug (D:3)
  60 orcs
  4 ball pythons
  11 endoplasms
  6 giant cockroaches
  16 goblins
  20 hobgoblins
  12 jackals (D:1)
  45 kobolds
  3 quokkas
  5 bats
  A frilled lizard (D:2)
  2 goblin skeletons (D:9)
  2 goblin zombies (D:9)
  2 hobgoblin zombies (D:9)
  2 kobold zombies (Sewer)
  3 orc skeletons (D:9)
  16 orc zombies (D:9)
  6 rats
408 creatures vanquished.

Vanquished Creatures (others)
  An endoplasm (Sewer)
  12 plants (D:11)
13 creatures vanquished.

Grand Total: 421 creatures vanquished

Notes
Turn   | Place    | Note
-------+----------+-------------------------------------------
     0 | D:1      | leviel the Minotaur Fighter began the quest for the Orb.
     0 | D:1      | Reached XP level 1. HP: 19/19 MP: 0/0
    49 | D:1      | Reached XP level 2. HP: 17/27 MP: 1/1
   378 | D:1      | Reached skill level 3 in Axes
   385 | D:1      | Reached XP level 3. HP: 32/33 MP: 2/2
   443 | D:1      | Found a faded altar of an unknown god.
   725 | D:2      | Found Roti's Antique Armour Boutique.
   841 | D:2      | Reached XP level 4. HP: 39/41 MP: 3/3
  1029 | D:2      | Reached skill level 4 in Axes
  1585 | D:3      | Found Huteuptoy's Jewellery Shoppe.
  1705 | D:3      | Reached XP level 5. HP: 47/47 MP: 4/4
  1743 | D:3      | Reached skill level 1 in Dodging
  1986 | D:4      | Found Asoinuy's Book Emporium.
  1986 | D:4      | Found Ysiobed's Armour Emporium.
  1987 | D:4      | Found Siugodus's Distillery.
  1987 | D:4      | Found Aretirru's Magic Scroll Emporium.
  1996 | D:4      | Bought 2 potions of curing for 84 gold pieces
  1996 | D:4      | Bought a potion of degeneration for 14 gold pieces
  2051 | D:4      | Reached skill level 5 in Shields
  2125 | D:4      | Reached skill level 5 in Axes
  2361 | D:4      | Reached XP level 6. HP: 42/53 MP: 3/5
  2645 | D:4      | Found Woidurhi's Magic Scroll Shop.
  2656 | D:4      | Found a burning altar of Makhleb.
  2661 | D:4      | Bought a scroll of identify for 24 gold pieces
  2719 | D:4      | Identified a scroll of acquirement
  2719 | D:4      | Acquired 936 gold pieces
  3063 | D:5      | Entered Level 5 of the Dungeon
  3078 | D:5      | Found a glowing drain.
  3100 | D:5      | Reached skill level 5 in Fighting
  3106 | Sewer    | Entered a sewer
  3322 | Sewer    | Reached skill level 6 in Axes
  3324 | Sewer    | Found a burning altar of Makhleb.
  3337 | Sewer    | Reached XP level 7. HP: 42/61 MP: 3/6
  3772 | Sewer    | Noticed Grinder
  3781 | Sewer    | Killed Grinder
  3782 | Sewer    | Reached skill level 7 in Axes
  3782 | Sewer    | Reached skill level 5 in Armour
  3970 | D:5      | Found a bloodstained altar of Trog.
  4196 | D:5      | Reached XP level 8. HP: 65/69 MP: 7/7
  4205 | D:5      | Reached skill level 8 in Axes
  4217 | D:5      | Found an iron altar of Okawaru.
  4235 | D:5      | Found a staircase to the Ecumenical Temple.
  4256 | Temple   | Entered the Ecumenical Temple
  4319 | D:5      | Became a worshipper of Warmaster Okawaru
  4725 | D:6      | Reached skill level 9 in Axes
  4737 | D:6      | Found a runed translucent door.
  4757 | D:6      | Reached * piety under Okawaru
  5020 | D:6      | Found a stormy altar of Qazlal.
  5049 | D:6      | Found a white marble altar of Elyvilon.
  5053 | D:6      | Found a shimmering blue altar of Sif Muna.
  5053 | D:6      | Found a broken altar of Ashenzari.
  5053 | D:6      | Found an ornate altar of the Wu Jian Council.
  5053 | D:6      | Found a basalt altar of Yredelemnul.
  5054 | D:6      | Found a shimmering altar of Xom.
  5104 | D:6      | Found a blossoming altar of Fedhas.
  5130 | D:6      | Noticed Sobieck's ghost (weakling TrDe)
  5149 | D:6      | Killed Sobieck's ghost
  5206 | D:7      | Reached XP level 9. HP: 78/78 MP: 8/8
  5443 | D:7      | Reached skill level 10 in Axes
  5449 | D:7      | HP: 3/79 [gnoll/+0 halberd (11)]
  5646 | D:7      | Reached ** piety under Okawaru
  6572 | D:8      | Noticed ClownBaby's ghost (novice MfGl)
  6600 | D:8      | Reached skill level 11 in Axes
  6887 | D:8      | Reached *** piety under Okawaru
  7087 | D:8      | Reached XP level 10. HP: 88/88 MP: 9/9
  7116 | D:8      | Found a runed translucent door.
  7467 | D:8      | Found a hide-covered altar of Uskayaw.
  7467 | D:8      | Noticed a +0 dagger
  7467 | D:8      | Noticed a +0 short sword
  7468 | D:8      | Noticed a +0 spear
  7469 | D:8      | Noticed Pikel
  7469 | D:8      | Noticed a +0 spear
  7470 | D:8      | Noticed a +0 falchion
  7471 | D:8      | Noticed a +0 short sword
  7471 | D:8      | Noticed a +0 falchion
  7485 | D:8      | Noticed a +0 dagger
  7502 | D:8      | Killed Pikel
  7683 | D:9      | Found a transporter.
  7720 | D:9      | Noticed a two-headed ogre
  7728 | D:9      | Killed a two-headed ogre
  7728 | D:9      | Reached **** piety under Okawaru
  7729 | D:9      | Reached skill level 12 in Axes
  7755 | D:9      | Found a staircase to the Orcish Mines.
  8076 | D:9      | Paralysed by a hornet for 2 turns
  8163 | D:9      | Found a snail-covered altar of Cheibriados.
  8243 | D:9      | Found a radiant altar of Vehumet.
  8440 | D:9      | Found a transporter.
  8874 | D:10     | Entered Level 10 of the Dungeon
  8914 | D:10     | Found a flagged portal.
  8933 | Bailey   | Entered a bailey
  9077 | Bailey   | Reached ***** piety under Okawaru
  9259 | Bailey   | Reached XP level 11. HP: 85/97 MP: 10/10
  9377 | D:10     | Reached skill level 13 in Axes
  9549 | D:10     | Found a glowing golden altar of the Shining One.
  9619 | D:10     | Reached skill level 10 in Shields
  9701 | D:10     | Noticed a two-headed ogre
  9723 | D:10     | Killed a two-headed ogre
  9972 | D:11     | Reached skill level 1 in Invocations
 10061 | D:11     | Reached skill level 10 in Fighting
 10105 | D:11     | Found a staircase to the Lair.
 10105 | D:11     | Noticed an oklob plant
 10114 | D:11     | Killed an oklob plant
 10534 | D:12     | Reached skill level 10 in Armour
 10686 | D:12     | Found a sparkling altar of Nemelex Xobeh.
 10708 | D:12     | Reached skill level 1 in Throwing
 10713 | D:12     | Reached ****** piety under Okawaru
 10857 | D:12     | Noticed a tengu warrior
 10872 | D:12     | Killed a tengu warrior
 10872 | D:12     | Identified the +1 broad axe of Exquisite Death {antimagic,
                  | Will+ SInv} (Okawaru gifted it to you on level 12 of the
                  | Dungeon)
 10872 | D:12     | Received a gift from Okawaru
 10873 | D:12     | Reached skill level 14 in Axes
 11173 | D:12     | Noticed a five-headed hydra
 11183 | D:12     | Killed a ten-headed hydra
 11336 | D:12     | Noticed a cyan ugly thing
 11367 | D:12     | Killed a cyan ugly thing
 11373 | D:12     | Reached XP level 12. HP: 46/107 MP: 4/13
 11714 | D:13     | Noticed a boulder beetle
 11743 | D:13     | Killed from afar by a meliai

Illustrated notes

Levels and vault maps discovered:
D:1:      amcnicky_arrival_blooded_trapdoor, layout_basic,
          ebering_ecumenical_altar_abandoned, hangedman_decor_push
D:2:      layout_basic, serial_shops, nicolae_shop_statue_plus,
          chequers_serial_rivers_small_3, minivault_14, kennysheep_boxes
D:3:      layout_rooms, serial_shops, shop, feat_on_display
D:4:      corexii_shantytown, layout_basic, overflow_temple_1_default,
          enter_ossuary_2, serial_shops, shop, minmay_shop_grid_forest
D:5:      layout_rooms, lemuel_doored_altar, old_standard_altar,
          minmay_temple_entry_water_ring, portal_sewer_entry_c, serial_curves,
          eino_curves_04, eino_curves_02, eino_curves_04, eino_curves_03
D:6:      layout_cave_pools, kennysheep_little_box, grunt_temple_overflow_open,
          kennysheep_mini_moat, ebering_ghost_sewer_d
D:7:      layout_basic, grunt_decor_fettered, minmay_bent
D:8:      layout_cave_pods, nicolae_uskayaw_en_pointe,
          hellmonk_ghost_happy_afterlife, uniq_pikel
D:9:      gammafunk_cloud_chamber, layout_small_grid, cheibrodos_worm_habitat,
          amcnicky_altar_gilded, zombieorc2_lemuel, hangedman_weighted_door,
          minmay_variable_closet, corexii_leaking_fountain,
          minmay_parallelograms, hangedman_decor_clover_reticule,
          eino_tiny_chamber, mumra_transporter_accident, lightli_orcish_oven
D:10:     layout_roguey, tso_metal_star, enter_bailey_5
D:11:     layout_rooms, dpeg_oklobed_lair
D:12:     layout_loops_corners, nemelex_xobeh_ov_fountains_minmay
D:13:     layout_basic, uniq_kirke
Temple:   corrupted_temple

Skill      XL: |  1  2  3  4  5  6  7  8  9 10 11 |
---------------+----------------------------------+-----
Shields        | 4 5 6 7 8 9 10 | 10.9
Fighting       | 4 5 6 8 9 10 | 10.6
Axes           | 3 4 5 6 7 9 11 12 14 | 14.3
Armour         | 4 5 6 7 9 10 | 10.4
Dodging        | 1 2 |  2.2
Invocations    | 3 |  3.3
Throwing       | 2 |  2.5
Stealth        | |  0.2

Action                   |  1- 3 |  4- 6 |  7- 9 | 10-12 || total
-------------------------+-------+-------+-------+-------++-------
Melee: War axe           |    76 |   211 |   323 |   392 ||  1002
       Headbutt          |    13 |    22 |    65 |   107 ||   207
       Broad axe         |       |       |       |    66 ||    66
Throw: Dart              |       |       |       |     6 ||     6
       Throwing net      |       |       |       |     2 ||     2
Invok: Heroism           |       |       |       |     1 ||     1
Evoke: Wand              |       |       |       |     2 ||     2
  Use: Scroll            |       |    11 |     4 |     6 ||    21
       Potion            |       |       |     8 |    10 ||    18
 Stab: Held in net/web   |       |       |       |     1 ||     1
Armor: Scale mail        |    46 |    94 |   141 |    29 ||   310
       Plate armour      |       |       |       |   133 ||   133
       Skin              |       |       |       |    10 ||    10
Dodge: Dodged            |    37 |    51 |    98 |   126 ||   312
Block: Kite shield       |    64 |   107 |   190 |   338 ||   699

Table legend: (Time is in decaauts)
 A = Elapsed time spent in this place.
 B = Non-inter-level travel time spent in this place.
 C = Inter-level travel time spent in this place.
 D = Time resting spent in this place.
 E = Time spent auto-exploring this place.
 F = Levels seen in this place.
 G = Mean time per level.
                   A        B        C        D        E       F      G
               +--------+--------+--------+--------+--------+-----+--------+
         Total |  11982 |  11626 |    356 |   1251 |   7696 |  16 |  748.9 |
       Dungeon |  10623 |  10267 |    356 |    747 |   7236 |  13 |  817.2 |
        Temple |     49 |     49 |      0 |      0 |     31 |   1 |   49.0 |
         Sewer |    894 |    894 |      0 |    291 |    384 |   1 |  894.0 |
        Bailey |    415 |    415 |      0 |    213 |     44 |   1 |  415.0 |
               +--------+--------+--------+--------+--------+-----+--------+

Top non-repeatable levels by time:
     D:7: 1407 daAuts
     D:9: 1270 daAuts
    D:12: 1218 daAuts
     D:4: 1127 daAuts
     D:8: 1051 daAuts
   Sewer: 894 daAuts
     D:2: 864 daAuts
     D:5: 739 daAuts
     D:1: 704 daAuts
    D:10: 635 daAuts
     D:6: 539 daAuts
    D:11: 514 daAuts
     D:3: 480 daAuts
  Bailey: 415 daAuts
    D:13: 70 daAuts
